Map: Ascension to Aiur LE

Players

Elazer

  • Race: Zerg Zerg
  • Spawn Location: 11:00

Serral - Winner!

  • Race: Zerg Zerg
  • Spawn Location: 5:00

Event: WCS Jonkoping 2017

VOD

Have the link to the VOD?

Description

Time

  • Played on: June 19, 2017, 11:33 a.m.
  • Length: 8:41

All games in this series

Show
View Real Time Build Order
Export as new Build Order

Elazer Zerg 

Build Orders: Pool First, Zergling Baneling 

Get SALT Encoding   

  12  0:00  Drone  
  13  0:12  Overlord  
  13  0:17  Drone  
  14  0:30  Drone x2  
  14  0:34  Drone  
  17  0:44  Extractor  
  17  0:45  Drone  
  17  0:49  Spawning Pool  
  16  0:56  Drone  
  17  1:06  Drone  
  18  1:17  Hatchery  
  17  1:22  Drone  
  18  1:36  Queen, Zergling x2  
  21  1:43  Metabolic Boost  
  21  1:50  Overlord  
  21  2:04  Drone  
  21  2:05  Baneling Nest  
  21  2:07  Drone  
  22  2:14  Queen  
  24  2:17  Drone  
  24  2:21  Drone  
  27  2:30  Drone  
  27  2:33  Drone  
  28  2:43  Zergling x2  
  28  2:44  Zergling x6  
  32  2:45  Zergling x2  
  32  2:48  Baneling  
  32  2:49  Baneling  
  33  2:53  Zergling x2  
  33  2:55  Overlord  
  34  3:02  Drone  
  35  3:06  Drone  
  36  3:15  Drone x2  
  36  3:16  Zergling x4  
  40  3:20  Overlord  
  40  3:25  Drone x3  
  43  3:29  Drone  
  41  3:36  Drone  
  41  3:38  Drone  
  41  3:39  Hatchery  
  41  3:43  Zergling x2  
  41  3:44  Baneling x2  
  42  3:50  Zergling x4  
  42  3:51  Zergling x2  
  42  3:52  Zergling x2  
  42  3:55  Baneling  
  45  3:57  Queen  
  45  4:02  Baneling  
  47  4:04  Queen  
  49  4:12  Baneling  
  49  4:15  Zergling x2  
  49  4:16  Zergling x2  
  50  4:24  Overlord  
  50  4:26  Drone x2  
  50  4:31  Baneling x2  
  52  4:33  Overlord  
  52  4:36  Extractor  
  52  4:37  Evolution Chamber  
  49  4:45  Drone x3  
  51  4:47  Overlord  
  51  4:52  Drone x2  
  53  4:53  Drone x3  
  56  5:00  Overlord  
  56  5:04  Drone  
  56  5:06  Extractor  
  56  5:07  Zergling x2  
  56  5:09  Zergling x4  
  56  5:13  Zerg Missile Weapons Level 1  
  58  5:15  Extractor  
  58  5:16  Drone x2  
  58  5:18  Drone  
  58  5:19  Drone x2  
  62  5:21  Drone x2  
  62  5:25  Roach Warren  
  62  5:26  Overlord  
  62  5:28  Drone x2  
  65  5:29  Drone x2  
  67  5:36  Overlord  
  67  5:39  Lair  
  67  5:42  Overlord  
  66  5:46  Overlord  
  66  5:48  Drone  
  67  5:52  Drone x3  
  67  5:53  Baneling x2  
  67  5:55  Overlord  
  68  5:58  Drone  
  68  6:00  Drone  
  68  6:01  Drone  
  68  6:04  Extractor, Drone  
  70  6:06  Extractor  
  70  6:07  Drone  
  70  6:08  Drone  
  70  6:11  Drone x2  
  74  6:14  Drone x2  
  76  6:22  Overlord  
  76  6:23  Drone x3  
  78  6:27  Drone x3  
  78  6:28  Drone  
  81  6:32  Overlord  
  81  6:37  Glial Reconstitution  
  81  6:38  Spire  
  81  6:39  Drone  
  81  6:48  Roach x5  
  81  6:51  Roach  
  93  6:55  Drone  
  93  6:57  Roach x3  
  100  7:03  Roach x4  
  106  7:21  Hatchery  
  105  7:25  Roach x7  
  105  7:27  Roach  
  105  7:29  Roach  
  122  7:31  Ravager x4  
  122  7:32  Ravager, Roach  
  122  7:36  Overlord  
  122  7:37  Overlord  
  128  7:39  Roach  
  128  7:41  Roach  
  128  7:43  Roach  
  134  7:44  Roach  
  134  7:47  Roach  
  138  7:56  Mutalisk  
  138  7:57  Mutalisk x3  
  146  8:01  Mutalisk  
  148  8:06  Overlord  
  148  8:08  Roach x3  
  154  8:13  Overlord x2  
Show
View Real Time Build Order
Export as new Build Order

Serral Zerg - Winner!

Build Orders: Hatch First, Zergling Baneling 

Get SALT Encoding   

  12  0:00  Drone  
  13  0:12  Overlord  
  13  0:17  Drone  
  14  0:30  Drone x2  
  14  0:34  Drone  
  17  0:51  Hatchery  
  17  0:54  Drone  
  17  0:57  Drone  
  18  1:08  Extractor  
  17  1:12  Spawning Pool  
  17  1:15  Drone  
  17  1:19  Drone  
  18  1:28  Drone  
  19  1:38  Overlord  
  19  1:58  Queen  
  19  1:59  Zergling x2  
  19  2:00  Zergling x2  
  23  2:04  Queen, Zergling x2  
  23  2:07  Metabolic Boost  
  26  2:11  Drone  
  26  2:13  Drone  
  28  2:23  Drone  
  28  2:27  Baneling Nest  
  28  2:28  Drone  
  29  2:32  Drone  
  30  2:37  Drone  
  31  2:48  Hatchery  
  30  2:54  Overlord  
  30  2:56  Drone  
  31  2:59  Drone  
  31  3:03  Zergling x2  
  33  3:11  Baneling x2  
  32  3:14  Zergling x2  
  32  3:15  Zergling x6  
  32  3:17  Baneling x2  
  36  3:20  Zergling x4  
  38  3:28  Zergling x4  
  38  3:29  Zergling x2  
  39  3:35  Baneling  
  39  3:38  Drone x2  
  39  3:39  Baneling  
  41  3:44  Overlord  
  41  3:45  Drone x3  
  44  3:52  Overlord  
  44  4:01  Zergling x2  
  45  4:03  Queen  
  45  4:04  Drone x2  
  45  4:06  Drone  
  45  4:08  Drone  
  51  4:12  Drone x2  
  51  4:15  Drone  
  53  4:18  Drone  
  53  4:19  Drone  
  53  4:22  Baneling x2  
  54  4:24  Overlord  
  54  4:25  Zergling x2  
  54  4:29  Overlord  
  54  4:31  Baneling x2  
  54  4:33  Drone x2  
  54  4:38  Drone x2  
  58  4:39  Drone  
  58  4:41  Drone x2  
  58  4:45  Extractor  
  60  4:46  Evolution Chamber  
  60  4:47  Extractor  
  60  4:49  Drone x2  
  60  4:52  Overlord  
  60  4:59  Drone x2  
  62  5:00  Drone  
  61  5:08  Overlord  
  61  5:10  Overlord  
  61  5:13  Zerg Missile Weapons Level 1  
  61  5:15  Roach Warren, Drone x3  
  61  5:16  Drone  
  63  5:21  Lair  
  63  5:23  Drone x2  
  65  5:30  Roach Warren, Zergling x4  
  65  5:35  Drone x3  
  69  5:36  Drone  
  69  5:41  Drone  
  70  5:43  Overlord  
  70  5:44  Drone x3  
  70  5:47  Extractor  
  72  5:50  Overlord x2  
  72  5:57  Drone x4  
  74  6:03  Extractor  
  75  6:04  Roach x2  
  75  6:05  Roach x3  
  85  6:11  Overlord  
  85  6:12  Roach x2  
  85  6:13  Roach  
  85  6:17  Roach x2  
  95  6:24  Drone x7  
  94  6:26  Glial Reconstitution  
  94  6:31  Roach x2  
  97  6:36  Burrow  
  97  6:37  Tunneling Claws  
  97  6:47  Roach x5  
  103  6:52  Overlord  
  105  6:56  Roach x3  
  105  7:00  Roach x3  
  116  7:01  Roach  
  118  7:09  Roach x4  
  126  7:18  Overlord  
  126  7:21  Roach x6  
  126  7:22  Overseer  
  138  7:30  Overlord x3  
  138  7:41  Overlord  
  138  7:42  Roach  
  138  7:43  Roach x3  
  146  7:54  Roach x4  
  146  7:57  Roach  
  146  7:58  Roach x9  
  166  7:59  Roach x5  
  166  8:02  Hydralisk Den  
  166  8:05  Extractor  
  165  8:06  Roach x2  
  165  8:07  Hydralisk Den  
  165  8:09  Roach x2  
  165  8:10  Roach x2  
  165  8:11  Roach  
  168  8:16  Roach  
  168  8:17  Roach x4  
  178  8:20  Overlord x2  
  178  8:21  Overlord  
  178  8:24  Spore Crawler  
Tags
 
Add a new tag
Caveats
  • Supply blocks, unpowered buildings, or Contaminate may cause inaccurate times.
  • Supply counts are checked every 10 seconds.